AoeStats
← DÝRÐ

Black Forest

509195594Analyzed
2v2 RM · 8d ago on Sep 25, 2026· 78m 14s· 4 players
Game mode
Random Map
Map size
Medium (4 player)
Population
200
Speed
Normal
Resources
Standard
Victory
Conquest
Starting age
Dark Age
Ending age
Imperial Age
RankedLock teamsTeams togetherTeam positionsShared explorationLock speedFull tech treeHidden civsTurbo modeCheats
Victory
Defeat
🇺🇦 Maya · Ukraine
589
+14
🇺🇦 Goths · Ukraine
589
+14
🇨🇴 Persians · Colombia
548
-15
🇺🇸 Franks · United States
522
-13
67676767676767676767676767676767
0:27 Loom
16:21 Feudal Age
19:16 Double-Bit Axe
23:10 Castle Age
24:23 Bow Saw
25:11 Wheelbarrow
26:07 Hand Cart
39:51 Imperial Age
38:09 Coinage
37:38 Town Watch
39:00 Town Patrol
40:34 Fortified Wall
40:46 Ballistics
41:04 Conscription
40:47 Chivalry
40:41 Stone Mining
40:41 Gold Mining
42:09 Banking
42:29 Gold Shaft Mining
43:20 Chemistry
42:03 Treadmill Crane
43:24 Chemistry
42:35 Masonry
42:21 Murder Holes
42:31 Siege Engineers
44:02 Husbandry
43:32 Cavalier
44:06 Fletching
44:28 Forging
44:18 Scale Mail Armor
44:24 Scale Barding Armor
44:32 Paladin
46:58 Iron Casting
46:50 Chain Barding Armor
48:15 Plate Barding Armor
48:41 Blast Furnace
47:36 Bodkin Arrow
53:12 Light Cavalry
61:04 Squires
60:49 Arson
61:03 Gambesons
60:39 Man-at-Arms
61:13 Capped Ram
Renyman III
0:31 Loom
14:36 Feudal Age
19:43 Castle Age
18:43 Stone Mining
18:44 Double-Bit Axe
19:28 Horse Collar
32:13 Kamandaran
35:40 Padded Archer Armor
35:31 Fletching
35:50 Crossbowman
39:24 Leather Archer Armor
40:36 Elite Skirmisher
41:22 Thumb Ring
42:42 Ballistics
42:12 Heated Shot
47:31 Imperial Age
45:56 Scale Barding Armor
45:53 Man-at-Arms
46:18 Gambesons
47:00 Husbandry
48:09 Chain Barding Armor
47:15 Cavalier
49:24 Bow Saw
49:20 Heavy Plow
51:00 Chemistry
49:48 Savar
54:46 Wheelbarrow
54:00 Long Swordsman
58:12 Hand Cart
60:33 Crop Rotation
61:07 Two-Man Saw
61:06 Plate Barding Armor
63:22 Ring Archer Armor
62:48 Bodkin Arrow
66:42 Guilds
71:22 Light Cavalry
BATMAN
10:22 Feudal Age
12:15 Double-Bit Axe
15:54 Fishing Lines
15:48 Man-at-Arms
16:36 Horse Collar
17:05 Gold Mining
17:09 Arson
23:12 Castle Age
21:10 Stone Mining
24:56 Caravan
25:28 Coinage
25:46 Bow Saw
26:48 Squires
26:52 Long Swordsman
27:50 Fortified Wall
27:36 Murder Holes
27:52 Masonry
28:32 Heavy Plow
30:18 Stone Shaft Mining
30:07 Loom
30:08 Town Watch
30:58 Wheelbarrow
30:43 Fletching
30:54 Padded Archer Armor
30:54 Scale Mail Armor
31:05 Forging
35:32 Imperial Age
35:06 Hand Cart
34:52 Town Patrol
35:25 Bodkin Arrow
36:42 Ballistics
38:11 Two-Man Saw
37:44 Crop Rotation
37:53 Conscription
37:03 Two-Handed Swordsman
37:06 Pikeman
38:11 Thumb Ring
38:41 Leather Archer Armor
39:10 Bracer
40:26 Ring Archer Armor
40:42 Elite Plumed Archer
41:00 Halberdier
43:41 Chemistry
44:12 Hoardings
45:20 Chain Mail Armor
50:50 Capped Ram
52:45 Iron Casting
52:41 Plate Mail Armor
62:13 Siege Ram
62:29 Sappers
64:42 Blast Furnace
75:23 Holcans
74:54 Hul'che Javelineers
DÝRÐ
13:00 Feudal Age
14:08 Man-at-Arms
17:19 Double-Bit Axe
31:48 Castle Age
30:06 Forging
31:05 Stone Mining
33:36 Gold Mining
33:41 Horse Collar
33:55 Fletching
34:19 Padded Archer Armor
34:37 Scale Mail Armor
34:01 Long Swordsman
34:03 Pikeman
35:20 Heavy Plow
40:49 Leather Archer Armor
42:36 Wheelbarrow
43:45 Elite Skirmisher
43:46 Crossbowman
47:47 Squires
49:14 Stone Shaft Mining
49:03 Hand Cart
49:53 Masonry
61:02 Caravan
61:00 Murder Holes
65:37 Iron Casting
65:44 Siphons
Connection lost

Rejoining the realm…

Still unreachable

The connection could not be restored.

Session expired

The server has moved on; the page needs a fresh start.